 Dungeon Sprint DCSS version 0.29.1-14-g9c671dbff4 (webtiles) character file.

Game seed: 6023589790727720113

525 Groucho the Unseen (level 7, -11/32 HPs)
             Began as a Spriggan Enchanter on Feb 18, 2023.
             Was a Follower of Dithmenos.
             Killed from afar by a deep elf pyromancer (31 damage)
             ... with a bolt of fire
             ... in the Dungeon (Sprint III: "The Ten Rune Challenge").
             The game lasted 00:03:18 (844 turns).

Groucho the Unseen (Spriggan Enchanter)              Turns: 844, Time: 00:03:18

Health: -11/32     AC:  4    Str:  6    XL:     7   Next: 2%
Magic:  10/21      EV: 17    Int: 17    God:    Dithmenos [*.....]
Gold:   41         SH:  0    Dex: 15    Spells: 12/23 levels left

rFire   . . .      SeeInvis +   a - +1 dagger
rCold   . . .      Faith    .   (no shield)
rNeg    . . .      Spirit   .   b - +0 robe
rPois   .          Reflect  .   (helmet restricted)
rElec   .          Harm     .   (no cloak)
rCorr   .          Rampage  .   (gloves unavailable)
Will    +....      NoTele   +   (boots unavailable)
Stlth   +++++++...              (no amulet)
HPRegen 0.10/turn               (no ring)
MPRegen 0.17/turn               (no ring)

@: wreathed by umbra, very quick
A: very small, no large weapons, unfitting armour, see invisible, speed 3, horns
1, iridescent scales 1, high MP 1
a: Renounce Religion


You were in the Dungeon.
You worshipped Dithmenos.
Dithmenos was aware of your devotion.
You visited 1 branch You collected 41 gold pieces.

Inventory:

Hand Weapons
 a - a +1 dagger (weapon)
Armour
 b - a +0 robe (worn)
Scrolls
 d - a scroll of brand weapon {unknown}
 i - a scroll of blinking
 j - a scroll of poison {unknown}
 k - 4 scrolls of identify
 l - a scroll of immolation {unknown}
Potions
 c - 2 potions of invisibility
 e - 2 potions of heal wounds
 f - a potion of haste
 g - 2 potions of magic
 h - a potion of mutation
 m - 2 potions of flight
 n - a potion of berserk rage
 o - a potion of might


   Skills:
 + Level 7.4 Short Blades
 - Level 2.6 Dodging
 * Level 15.1 Stealth
 + Level 8.5 Spellcasting
 + Level 8.9 Hexes


You had 12 spell levels left.
You knew the following spells:

 Your Spells              Type           Power      Damage    Failure   Level
a - Ensorcelled Hibernat  Hex/Ice        44%        N/A       2%          2
b - Confusing Touch       Hex            37%        N/A       1%          3
c - Dazzling Flash        Conj/Hex       44%        N/A       4%          3
d - Tukima's Dance        Hex            37%        N/A       1%          3

Your spell library contained the following spells:

 Spells                   Type           Power      Damage    Failure   Level
 Cause Fear               Hex            18%        N/A       2%          4
 Gell's Gravitas          Tloc           7%         N/A       30%         3
 Teleport Other           Tloc           7%         N/A       30%         3
 Dispersal                Tloc           3%         N/A       100%        6
 Dragon Form              Tmut           3%         N/A       100%        7
 Dragon's Call            Summ           3%         N/A       100%        9


Dungeon Overview and Level Annotations

Branches:
Dungeon (1/1)

Altars:
Dithmenos
Elyvilon
Kikubaaqudgha
Okawaru
Ru
Sif Muna
Trog
Uskayaw
Vehumet
Wu Jian
Yredelemnul
Zin
The Shining One


Innate Abilities, Weirdness & Mutations

You are very small and have problems with some larger weapons.
You are too small for most types of armour.
You have supernaturally acute eyesight. (SInv)
You cover ground extremely quickly. (Speed+++)
You have a pair of small horns on your head.
You are partially covered in iridescent scales. (AC +2)
You have an increased reservoir of magic. (+10% MP)


Message History

Aiming: Ensorcelled Hibernation (safe; 2% risk of failure)
Press: ? - help, Shift-Dir - straight line, f/p - deep elf pyromancer
Aim: a deep elf pyromancer, wielding a +2 long sword of holy wrath (chance to affect: 37%)
The deep elf pyromancer easily resists.
Casting: Ensorcelled Hibernation (safe; 2% risk of failure)
Confirm with . or Enter, or press ? or * to list all spells.
Aiming: Ensorcelled Hibernation (safe; 2% risk of failure)
Press: ? - help, Shift-Dir - straight line, f/p - deep elf pyromancer
Aim: a deep elf pyromancer, wielding a +2 long sword of holy wrath (chance to affect: 37%)
The deep elf pyromancer easily resists.
The deep elf pyromancer mumbles some strange words.
Unknown command.
Unknown command.
Casting: Ensorcelled Hibernation (safe; 2% risk of failure)
Confirm with . or Enter, or press ? or * to list all spells.
Aiming: Ensorcelled Hibernation (safe; 2% risk of failure)
Press: ? - help, Shift-Dir - straight line, f/p - deep elf pyromancer
Aim: a deep elf pyromancer, wielding a +2 long sword of holy wrath (chance to affect: 37%)
The deep elf pyromancer easily resists.
The deep elf pyromancer gestures wildly while chanting.
The deep elf pyromancer blinks!
The fire elemental misses you. What are your orders? t - Shout!
Orders for allies: a - Attack new target. p - Attack previous target. r - Retreat! s - Stop attacking. g - Guard the area. f - Follow me.
Anything else - Cancel.
Gang up on whom?
Press: ? - help, Dir - move target, f/p - deep elf pyromancer
Aim: a deep elf pyromancer, wielding a +2 long sword of holy wrath Attack!
The fire elemental misses you. The fire elemental hits you.
The fire elemental burns you!
The deep elf pyromancer casts a spell.
The deep elf pyromancer blinks!
Unknown command.
You see here a human skeleton.
The deep elf pyromancer casts a spell at you.
The bolt of fire hits you!!
Ouch! That really hurt!
You die...

▓.....#....~.♣ ♣..###'#'###
▓.....#...~~.♣ ♣..#........
▓.....#..~~~~♣♣♣♣.'.⌠......
▓####'#..~≈≈~~~♣..#...#####
▓...÷)#.~~≈~~~....#.⌠.#
▓.....#.~≈~~~..°..#...#
▓.....#.~~~...☼...#'###
▓'#####.....eE..§.#.))#
▓.........@÷......#___#
▓▓▓▓▓▓▓▓▓▓▓▓▓▓▓▓▓▓▓▓▓▓▓


You could see a deep elf pyromancer and a fire elemental (summoned).

Vanquished Creatures
  A necrophage (D)
  A water elemental (D)
  Jessica (D)
  A wizard (D)
  A necromancer (D)
  3 humans (D)
  A kobold demonologist (D)
  A wolf (D)
  2 endoplasms (D)
  A rat (D)
13 creatures vanquished.

Notes
Turn   | Place    | Note
-------+----------+-------------------------------------------
     0 | D        | Groucho the Spriggan Enchanter began the quest for the Orb.
     0 | D        | Reached XP level 1. HP: 9/9 MP: 5/5
    15 | D        | Reached skill level 5 in Stealth
   160 | D        | Noticed Jessica
   165 | D        | Killed Jessica
   166 | D        | Reached skill level 7 in Stealth
   166 | D        | Reached XP level 2. HP: 11/13 MP: 6/8
   166 | D        | Reached XP level 3. HP: 14/16 MP: 6/9
   455 | D        | Learned a level 2 spell: Ensorcelled Hibernation
   459 | D        | Learned a level 3 spell: Confusing Touch
   463 | D        | Learned a level 3 spell: Dazzling Flash
   491 | D        | Reached skill level 8 in Stealth
   491 | D        | Reached skill level 5 in Hexes
   713 | D        | Gained mutation: Your muscles are strong. (Str +4, Int/Dex
                  | -1) [potion of mutation]
   713 | D        | Gained mutation: You are agile. (Dex +4, Str/Int -1)
                  | [potion of mutation]
   713 | D        | Gained mutation: You do not regenerate when monsters are
                  | visible. [potion of mutation]
   713 | D        | Gained mutation: You have hidden genetic potential. [potion
                  | of mutation]
   715 | D        | Lost mutation: Your muscles are strong. (Str +4, Int/Dex
                  | -1) [potion of mutation]
   715 | D        | Lost mutation: You have hidden genetic potential. [potion
                  | of mutation]
   715 | D        | Lost mutation: You do not regenerate when monsters are
                  | visible. [potion of mutation]
   715 | D        | Gained mutation: Your system is resistant to poisons.
                  | (rPois) [potion of mutation]
   715 | D        | Gained mutation: You are somewhat resistant to further
                  | mutation. [potion of mutation]
   716 | D        | Lost mutation: You are somewhat resistant to further
                  | mutation. [potion of mutation]
   716 | D        | Lost mutation: Your system is resistant to poisons. (rPois)
                  | [potion of mutation]
   716 | D        | Lost mutation: You are agile. (Dex +4, Str/Int -1) [potion
                  | of mutation]
   716 | D        | Gained mutation: You have an increased reservoir of magic.
                  | (+10% MP) [potion of mutation]
   716 | D        | Gained mutation: You have a pair of small horns on your
                  | head. [potion of mutation]
   716 | D        | Gained mutation: You are partially covered in iridescent
                  | scales. (AC +2) [potion of mutation]
   744 | D        | Noticed a water elemental
   746 | D        | Killed a water elemental
   747 | D        | Reached skill level 10 in Stealth
   747 | D        | Reached skill level 5 in Spellcasting
   747 | D        | Reached XP level 4. HP: 21/21 MP: 11/13
   757 | D        | Found a shadowy altar of Dithmenos.
   757 | D        | Noticed a necrophage
   758 | D        | Found a basalt altar of Yredelemnul.
   758 | D        | Found a sacrificial altar of Ru.
   759 | D        | Killed a necrophage
   760 | D        | Reached skill level 5 in Short Blades
   760 | D        | Reached skill level 11 in Stealth
   760 | D        | Reached XP level 5. HP: 24/24 MP: 13/16
   761 | D        | Reached skill level 12 in Stealth
   764 | D        | Became a worshipper of Dithmenos the Shadowed
   778 | D        | Learned a level 3 spell: Tukima's Dance
   783 | D        | Found a radiant altar of Vehumet.
   784 | D        | Found a shimmering blue altar of Sif Muna.
   784 | D        | Found an ancient bone altar of Kikubaaqudgha.
   806 | D        | Found a hide-covered altar of Uskayaw.
   806 | D        | Found an iron altar of Okawaru.
   807 | D        | Found a bloodstained altar of Trog.
   807 | D        | Found an ornate altar of the Wu Jian Council.
   807 | D        | Noticed a human
   807 | D        | Noticed a human
   809 | D        | Killed a human
   809 | D        | Reached * piety under Dithmenos
   810 | D        | Reached skill level 14 in Stealth
   810 | D        | Reached XP level 6. HP: 28/28 MP: 16/19
   810 | D        | Killed a human
   811 | D        | Reached skill level 15 in Stealth
   811 | D        | Reached XP level 7. HP: 32/32 MP: 16/21
   825 | D        | Found a glowing silver altar of Zin.
   826 | D        | Found a glowing golden altar of the Shining One.
   826 | D        | Found a white marble altar of Elyvilon.
   826 | D        | Noticed a deep elf pyromancer
   837 | D        | Noticed a fire elemental
   844 | D        | Killed from afar by a deep elf pyromancer

Illustrated notes

Levels and vault maps discovered:
D:        dungeon_sprint_mu [sprint_mu_entry_forest, sprint_mu_temple_rooms,
          sprint_mu_d1_spiders, sprint_mu_d2_genie, sprint_mu_d3_branching,
          sprint_mu_orc_legion, sprint_mu_elf_gauntlet, sprint_mu_hive_nellie,
          sprint_mu_lair_fedhas, sprint_mu_vaults_butterflies,
          sprint_mu_slime_circle, sprint_mu_swamp_cave, sprint_mu_shoals_kraken,
          sprint_mu_blade_basic, sprint_mu_crypt_lich, sprint_mu_tomb_spiral,
          sprint_mu_vestibule_basic, sprint_mu_gehenna_hellfire,
          sprint_mu_dis_giant, sprint_mu_tartarus_statrot,
          sprint_mu_cocytus_islands, sprint_mu_zot1]

Skill      XL: |  1  2  3  4  5  6 |
---------------+-------------------+-----
Stealth        | 7 10 11 14 15 | 15.1
Spellcasting   | 4 5 6 8 |  8.5
Short Blades   | 3 4 5 6 7 |  7.4
Hexes          | 4 6 8 |  8.9
Dodging        | |  2.6

Action                   |  1- 3 |  4- 6 |  7- 9 || total
-------------------------+-------+-------+-------++-------
Melee: Dagger            |    20 |     6 |       ||    26
 Cast: Ensorcelled Hiber |     1 |       |     5 ||     6
  Use: Potion            |     5 |       |       ||     5
 Stab: Sleeping          |     3 |     6 |       ||     9
Armor: Robe              |     1 |       |     1 ||     2
Dodge: Dodged            |     6 |       |     3 ||     9
